 Dungeon Crawl Stone Soup version 0.30-a0-381-g6ea064c7b4 (webtiles) character file.

Game seed: 12505544014002241731

106 ytrimaz the Magician (level 5, -4/35 HPs)
             Began as a Djinni Conjurer on Dec 1, 2022.
             Slain by an orc
             ... wielding a +1 vampiric trident
              (7 damage)
             ... on level 3 of the Dungeon.
             The game lasted 00:02:11 (1702 turns).

ytrimaz the Magician (Djinni Conjurer)              Turns: 1702, Time: 00:02:11

Health: -4/35      AC:  3    Str:  6    XL:     5   Next: 10%
Gold:   90         EV: 12    Int: 21    God:
                   SH:  0    Dex: 10

rFire   + + .      SeeInvis .    i - +1 dagger (venom)
rCold   x . .      Faith    .    (no shield)
rNeg    . . .      Spirit   .    a - +1 robe
rPois   ∞          Reflect  .    (no helmet)
rElec   .          Harm     .    (no cloak)
rCorr   .          Rampage  .    (no gloves)
Will    .....                    (boots unavailable)
Stlth   ++........               (no amulet)
HPRegen 0.25/turn                (no ring)
MPRegen 0.00/turn                (no ring)

@: mighty, flying
A: sickness immunity, fire resistance 2, cold vulnerability 1, float, innate
caster, HP casting, extra vitality 1, clumsy 1
a: no special abilities


You were on level 3 of the Dungeon.
You visited 1 branch of the dungeon, and saw 3 of its levels.

You collected 90 gold pieces.


Innate Abilities, Weirdness & Mutations

You are immune to sickness and miasma.
You are immune to poison.
Your flesh is very heat resistant. (rF++)
You are vulnerable to cold. (rC-)
You float through the air rather than walking.
You learn spells naturally, not from books.
Your magical power is your life essence.
You have superior vitality. (+4 MHP)
You are clumsy. (Dex -2)


   Skills:
 + Level 3.8 Dodging
 - Level 2.0 Stealth
 + Level 4.0 Spellcasting


You couldn't memorise any spells.
You knew the following spells:

 Your Spells              Type           Power      Damage    Failure   Level
a - Magic Dart            Conj           84%        1d7       2%          1
b - Searing Ray           Conj           42%        2d6       3%          2
c - Dazzling Flash        Conj/Hex       42%        N/A       7%          3
d - Fulminant Prism       Conj/Hex       10%        3d9       22%         4
e - Iskenderun's Mystic   Conj/Tloc      21%        2d6       22%         4
f - Shock                 Conj/Air       84%        1d8       2%          1
g - Call Imp              Summ           21%        N/A       3%          2
Your spell library was empty.

Inventory:

Hand Weapons
 i - a +1 dagger of venom (weapon)
   (You took it off a goblin on level 2 of the Dungeon)
Armour
 a - a +1 robe (worn)
Magical Staves
 d - a staff of earth
   (You found it on level 1 of the Dungeon)
Scrolls
 b - a scroll of magic mapping
 h - a scroll of enchant weapon
Potions
 e - a potion of degeneration {unknown}
 f - 2 potions of mutation
 g - a potion of resistance {unknown}

Dungeon Overview and Level Annotations

Branches:
Dungeon (3/15) Zot: 16298

Altars:
Makhleb

#.....# ###
#.....#... #.....#.#
#.......
########.###.#####
.......o).....†.)#
...oo..o......##)))≈≈
########o####.# ..≈
#@# ...# . #.# ...#
######.# #...#
####......# #..)# #
..........# ##+## .#
.###......####.####.#
#####)...........#
#...###.......# #...#
#.......#


You could see an orc priest and 2 orcs.


Message History

The goblin closely misses you. x2
Your Spellcasting skill increases to level 4!
You have reached level 5!
The power to cast Call Imp wells up from within.
Spell assigned to 'g'. 😮 HP[+1]
You now have 35 max hp (+4).
The goblin hits you with a +0 club. The goblin barely misses you. 😮 HP[-3]
You take 3 damage, and now have 19/35 hp.
Unknown command.
The goblin barely misses you. x2
The goblin attacks as you move away! The goblin misses you. 😮 HP[+1]
The goblin attacks as you move away! The goblin barely misses you.
Casting: Searing Ray (safe; 3% risk of failure)
Confirm with . or Enter, or press ? or * to list all spells.
Aiming: Searing Ray (safe; 3% risk of failure)
Press: ? - help, Shift-Dir - straight line, f - goblin
Aim: a goblin, wielding a +0 club (strong, 72% to hit)
The searing ray misses the goblin. (Press . to maintain the ray.)
The goblin hits you with a +0 club.
* * * LOW HITPOINT WARNING * * *
😨 HP[-5]
You take 5 damage, and now have 15/35 hp.
Unknown command.
The searing ray hits the goblin!
You kill the goblin!
The searing ray hits the goblin.
You kill the goblin!
* * * LOW HITPOINT WARNING * * *
The searing ray hits the goblin!
You kill the goblin!
* * * LOW HITPOINT WARNING * * *
😨 HP[-1]
You take 1 damage, and now have 14/35 hp.
Key pressed, stopping explore.
A goblin is nearby!
Unknown command. 😕 HP[+17]
You regained 17 hp, and now have 31/35 hp.
A goblin is nearby!
A goblin is nearby!
Unknown command.
Things that are here:
a +0 club; a goblin corpse; 😕 HP[+1]
Things that are here:
a +0 club; a +0 dagger; a goblin corpse The goblin shouts!
You hit the goblin.
You hear a shout! x2
An orc priest comes into view. It is wielding a +0 mace.
The goblin hits you with a +0 dagger. 😕 HP[-2]
You take 2 damage, and now have 30/35 hp.
Unknown command.
You hit the goblin.
You kill the goblin! 😕 HP[+1] Unknown command.
An orc comes into view. It is wielding a +1 vampiric trident.
The orc shouts!
The magic dart hits the orc priest but does no damage.
An orc comes into view. It is wielding a +0 dagger. 😕 HP[-1]
You take 1 damage, and now have 30/35 hp.
The magic dart hits the orc priest.
The orc shouts!
An orc priest comes into view. It is wielding a +0 flail. 😕 HP[-1]
You take 1 damage, and now have 29/35 hp.
The magic dart hits the orc priest but does no damage.
The orc priest shouts!
The magic dart hits the orc priest.
The orc priest mumbles some strange prayers to Beogh against you.
Beogh smites you!
* * * LOW HITPOINT WARNING * * *
😨 HP[-14]
You take 14 damage, and now have 15/35 hp.
MASSIVE DAMAGE!! (PAUSE)
The orc priest attacks as you move away!
The orc priest barely misses you.
Things that are here:
a +0 club; a +0 dagger; a goblin corpse The orc priest mumbles some strange prayers to Beogh against you.
Pain shoots through your body!
* * * LOW HITPOINT WARNING * * *
Things that are here:
a +0 club; a goblin corpse; 😱 HP[-13]
You take 13 damage, and now have 2/35 hp.
MASSIVE DAMAGE!! (PAUSE) It was a potion of mutation.
You feel extremely strange.
You feel clumsy. 😱 HP[+1] It was a potion of might.
You feel very mighty all of a sudden.
The orc priest hits you but does no damage.
The orc hits you from afar with a +1 vampiric trident!
You die...

Skill      XL: |  1  2  3  4 |
---------------+-------------+-----
Stealth        | 2 |  2.0
Dodging        | 3 |  3.8
Spellcasting   | 4 |  4.0

Action                   |  1- 3 |  4- 6 || total
-------------------------+-------+-------++-------
Melee: Dagger            |       |    19 ||    19
 Cast: Magic Dart        |    51 |    46 ||    97
       Searing Ray       |       |     3 ||     3
  Use: Scroll            |     4 |     1 ||     5
       Potion            |       |     2 ||     2
Armor: Robe              |     1 |     6 ||     7
Dodge: Dodged            |     1 |    19 ||    20

Levels and vault maps discovered:
D:1:      lightli_arrival_windingriver, layout_basic,
          dreamdust_ecumenical_altar_drowned_temple
D:2:      layout_basic, basic_altar
D:3:      layout_basic, chequers_serial_rivers_micro_b,
          ebering_dispersal_statue_hall, st_stairs_5, nrook_loot_triangle,
          eino_tiny_chamber, amcnicky_mini_pool_small, uniq_robin

Notes
Turn   | Place    | Note
-------+----------+-------------------------------------------
     0 | D:1      | ytrimaz the Djinni Conjurer began the quest for the Orb.
     0 | D:1      | ytrimaz set off with the following spells memorised: Magic
                  | Dart, Searing Ray, Dazzling Flash, Fulminant Prism,
                  | Iskenderun's Mystic Blast.
     0 | D:1      | Reached XP level 1. HP: 15/15 MP: 0/0
     0 | D:1      | magus.rc [v1.9.6]
    62 | D:1      | Reached XP level 2. HP: 13/21 MP: 0/0
   166 | D:1      | Reached skill level 2 in Stealth
   406 | D:1      | Found a faded altar of an unknown god.
   529 | D:1      | Reached XP level 3. HP: 22/25 MP: 0/0
   529 | D:1      | Learned a level 1 spell: Shock
   808 | D:2      | Reached skill level 3 in Dodging
   858 | D:2      | Reached XP level 4. HP: 27/31 MP: 0/0
   896 | D:2      | Found a burning altar of Makhleb.
  1603 | D:3      | Noticed Robin
  1608 | D:3      | Killed Robin
  1609 | D:3      | Reached skill level 4 in Spellcasting
  1609 | D:3      | Reached XP level 5. HP: 22/35 MP: 0/0
  1609 | D:3      | Learned a level 2 spell: Call Imp
  1700 | D:3      | HP: 2/35 [orc priest/nerve-wracking pain (13)]
  1701 | D:3      | Gained mutation: You are clumsy. (Dex -2) [potion of
                  | mutation]
  1702 | D:3      | Slain by an orc

Vanquished Creatures
  Robin (D:3)
  3 adders
  A gnoll (D:1)
  A dart slug (D:2)
  4 ball pythons
  5 endoplasms
  2 giant cockroaches
  12 goblins
  4 hobgoblins
  4 jackals
  A kobold (D:2)
  A quokka (D:1)
  4 bats
  2 frilled lizards (D:2)
  7 rats
  A spectral kobold (D:1)
53 creatures vanquished.

Table legend:
 A = Non-vault XP
 B = Vault XP
 C = Vault XP percentage of total XP
 D = Non-vault monster count
 E = Vault monster count
 F = Vault count percentage of total count
                 A         B        C        D         E       F
            +---------+---------+-------+---------+---------+-------
      Total |     115 |      37 |  24.3 |      41 |      12 |  22.6
            +---------+---------+-------+---------+---------+-------
        D:1 |      33 |       1 |   2.9 |      14 |       1 |   6.7
        D:2 |      64 |       0 |   0.0 |      23 |       0 |   0.0
        D:3 |      18 |      36 |  66.7 |       4 |      11 |  73.3
            +---------+---------+-------+---------+---------+-------

Illustrated notes

Table legend:
 A = Kills in this place as a percentage of kills in entire the game.
 B = Kills by you in this place as a percentage of kills by you in the entire game.
 C = Kills by friends in this place as a percentage of kills by friends in the entire game.
 D = Other kills in this place as a percentage of other kills in the entire game.
 E = Experience gained in this place as a percentage of experience gained in the entire game.
 F = Experience gained in this place divided by the number of levels of this place that you have seen.
                   A       B       C       D       E      F
               +-------+-------+-------+-------+-------+----------------------
         Total | 100.0 | 100.0 |   N/A |   N/A | 100.0 |  50.7
       Dungeon | 100.0 | 100.0 |   N/A |   N/A | 100.0 |  50.7
               +-------+-------+-------+-------+-------+----------------------

Table legend: (Time is in decaauts)
 A = Elapsed time spent in this place.
 B = Non-inter-level travel time spent in this place.
 C = Inter-level travel time spent in this place.
 D = Time resting spent in this place.
 E = Time spent auto-exploring this place.
 F = Levels seen in this place.
 G = Mean time per level.
                   A        B        C        D        E       F      G
               +--------+--------+--------+--------+--------+-----+--------+
         Total |   1700 |   1670 |     30 |      0 |   1435 |   3 |  566.7 |
       Dungeon |   1700 |   1670 |     30 |      0 |   1435 |   3 |  566.7 |
               +--------+--------+--------+--------+--------+-----+--------+

Top non-repeatable levels by time:
     D:2: 800 daAuts
     D:1: 716 daAuts
     D:3: 184 daAuts
